AoeStats
← iamlev33

Arabia

505098287Analyzed
1v1 RM · 25d ago on Sep 7, 2026· 51m 56s· 2 players
Game mode
Random Map
Map size
Tiny (2 player)
Population
200
Speed
Normal
Resources
Standard
Victory
Conquest
Starting age
Dark Age
Ending age
Imperial Age
RankedLock teamsTeams togetherTeam positionsShared explorationLock speedFull tech treeHidden civsTurbo modeCheats
Victory
Defeat
🇹🇷 Khmer · Türkiye
572
+16
🇨🇦 Malians · Canada
580
-24
Çağrı Bey
3:12 Loom
13:46 Feudal Age
14:19 Double-Bit Axe
15:11 Wheelbarrow
14:22 Town Watch
14:19 Horse Collar
15:43 Gold Mining
17:45 Bloodlines
19:47 Man-at-Arms
20:54 Arson
22:08 Stone Mining
23:30 Scale Mail Armor
25:19 Scale Barding Armor
25:26 Forging
25:20 Padded Archer Armor
25:11 Fletching
30:08 Castle Age
31:16 Bow Saw
31:22 Hand Cart
31:15 Heavy Plow
32:42 Gold Shaft Mining
33:33 Stone Shaft Mining
33:34 Chain Barding Armor
33:35 Husbandry
34:24 Pikeman
36:09 Town Patrol
37:05 Chain Mail Armor
37:26 Iron Casting
36:47 Bodkin Arrow
37:08 Leather Archer Armor
37:14 Tusk Swords
38:31 Elite Skirmisher
44:08 Imperial Age
44:37 Ballistics
44:37 Ballistics
44:04 Light Cavalry
44:06 Long Swordsman
44:08 Crossbowman
45:15 Conscription
47:31 Ring Archer Armor
47:03 Bracer
48:34 Siege Engineers
49:20 Double Crossbow
48:42 Elite Ballista Elephant
49:03 Onager
51:05 Halberdier
51:06 Two-Handed Swordsman
iamlev33
11:46 Feudal Age
12:32 Man-at-Arms
16:18 Forging
23:23 Castle Age
29:20 Iron Casting
28:51 Scale Barding Armor
28:35 Double-Bit Axe
28:50 Loom
29:41 Wheelbarrow
31:34 Hand Cart
36:28 Stone Mining
40:38 Imperial Age
39:13 Bow Saw
42:18 Imperial Age
40:49 Ballistics
41:49 Murder Holes
42:57 Elite Gbeto
45:44 Chain Barding Armor
48:27 Town Watch
49:20 Heavy Camel Rider
50:56 Husbandry
Connection lost

Rejoining the realm…

Still unreachable

The connection could not be restored.

Session expired

The server has moved on; the page needs a fresh start.